 Dungeon Crawl Stone Soup version 0.30-a0-779-g7971cf19c3 (webtiles) character file.

Game seed: 11960922110589537444

839 sanka the Grappler (level 7, -1/67 HPs)
             Began as a Troll Monk on Feb 17, 2023.
             Slain by an orc
             ... wielding a +2 trident of venom
              (3 damage)
             ... on level 4 of the Dungeon.
             The game lasted 00:05:23 (3846 turns).

sanka the Grappler (Troll Monk)                     Turns: 3846, Time: 00:05:23

Health: -1/67      AC:  4    Str: 20    XL:     7   Next: 67%
Magic:  6/6        EV: 10    Int:  6    God:
Gold:   87         SH:  0    Dex: 14    Spells: 6/6 levels left

rFire   . . .      SeeInvis .      - Unarmed
rCold   . . .      Faith    .    (no shield)
rNeg    . . .      Spirit   .    a - +0 robe
rPois   .          Reflect  +    (helmet restricted)
rElec   .          Harm     .    (no cloak)
rCorr   .          Rampage  .    (gloves unavailable)
Will    .....                    (boots unavailable)
Stlth   +                        r - amulet of reflection
HPRegen 1.11/turn                (no ring)
MPRegen 0.10/turn                (no ring)

@: confused, lethally poisoned (-1 -> -14), ambrosia-drunk
A: large, unfitting armour, claws 3, regeneration 1, shaggy fur 1, tough skin 1
a: no special abilities


You were on level 4 of the Dungeon.
You visited 1 branch of the dungeon, and saw 4 of its levels.

You collected 87 gold pieces.


Innate Abilities, Weirdness & Mutations

You are too large for most types of armour.
You have claws for hands.
Your natural rate of healing is unusually fast.
You are covered in fur. (AC +1)
You have tough skin. (AC +1)


   Skills:
 - Level 3.0 Fighting
 - Level 2.4 Dodging
 - Level 1.0 Stealth
 + Level 9.0 Unarmed Combat


You had 6 spell levels left.
You didn't know any spells.
Your spell library was empty.

Inventory:

Missiles
 l - 5 large rocks {=f}
 s - 4 javelins
Armour
 a - a +0 robe (worn)
Jewellery
 r - an amulet of reflection (around neck)
Wands
 m - a wand of light (8)
Scrolls
 d - 5 scrolls of identify {unknown}
 e - a scroll of vulnerability {unknown}
 g - a scroll of amnesia {unknown}
 i - 4 scrolls of poison {unknown}
 j - a scroll of immolation {unknown}
 p - a scroll of silence {unknown}
 v - a scroll of enchant weapon {unknown}
Potions
 c - a potion of magic {unknown}
 f - a potion of brilliance {unknown}
 h - 4 potions of curing {unknown}
 k - a potion of flight {unknown}
 n - a potion of lignification {unknown}
 o - a potion of haste {unknown}
 q - a potion of degeneration {unknown}
 t - 2 potions of attraction {unknown}
 u - a potion of heal wounds {unknown}

Dungeon Overview and Level Annotations

Branches:
Dungeon (4/15)
 Temple: D:4-7

Altars:
Dithmenos
Xom

Shops:
D:1 : D:2

: . ▒▒ . ...▒▒. ......▒▒▒▒▒▒▒▒▒.
▒▒▒▒▒▒▒▒ ....▒.▒~~≈≈≈≈≈≈B
▒....... ......K~o~~~~~~~
▒▒▒▒▒▒▒▒ >......†)▒▒ ▒▒▒▒▒▒
▒.....)T.▒▒▒▒....▒
.......▒....▒▒....▒
▒▒▒▒?...▒......<..▒....▒
▒...g...................▒ ▒▒▒
▒▒......£..▒▒)............▒▒▒▒▒..
....£..... ▒........▒..........▒
........... ▒▒▒▒▒............[...
)...........▒ ▒ ▒................
............▒^▒^▒................


You could see an orc and a kobold.


Message History

A kobold comes into view. It is wielding a +0 short sword.
Your Unarmed Combat skill increases to level 9!
Unknown command.
Unknown command.
You are confused.
You feel invigorated.
* * * LOW HITPOINT WARNING * * *
You feel very sick. The orc hits you but does no damage.
You are lethally poisoned!
Unknown command.
You enter the shallow water.
A giant cockroach comes into view.
* * * LOW HITPOINT WARNING * * *
You feel very sick. The orc closely misses you.
The kobold throws a stone.
The stone hits you but does no damage.
Things that are here:
a +0 club; 3 boomerangs; a +0 ring mail
Found a stone staircase leading down.
You feel very sick.
The orc hits you from afar with a +2 trident of venom!
* * * LOW HITPOINT WARNING * * *
You are more poisoned.
Items here: ! ) [ †.
* * * LOW HITPOINT WARNING * * *
You feel very sick.
The orc hits you from afar with a +2 trident of venom.
You die...

Action                     |  1- 3 |  4- 6 |  7- 9 || total
---------------------------+-------+-------+-------++-------
  Melee: Unarmed           |    87 |   133 |    24 ||   244
         Punch             |     2 |     4 |     1 ||     7
    Use: Potion            |       |       |     1 ||     1
   Stab: Sleeping          |     4 |     4 |       ||     8
 Armour: Robe              |    25 |    38 |     4 ||    67
  Dodge: Dodged            |    39 |    57 |     7 ||   103
  Block: Other             |       |    15 |     7 ||    22
         Reflection        |       |     2 |       ||     2

Levels and vault maps discovered:
D:1:      saegor_arrival_simple_e, layout_basic,
          shapermc_ecumenical_altar_notcrosses, serial_shops, shop_statue,
          minmay_tripent
D:2:      layout_basic, serial_undead, serial_undead_d, serial_undead_b,
          serial_undead_c, serial_undead_b, serial_shops, nicolae_shop_trees,
          uniq_natasha
D:3:      layout_rooms, mainiacjoe_overflow_paths
D:4:      layout_rooms, led_xom_imps, gup_sewer_entry_pipe, uniq_blork_the_orc,
          uniq_sigmund, uniq_duvessa, uniq_crazy_yiuf_cottage

Notes
Turn   | Place    | Note
-------+----------+-------------------------------------------
     0 | D:1      | sanka the Troll Monk began the quest for the Orb.
     0 | D:1      | Reached XP level 1. HP: 22/22 MP: 0/0
    50 | D:1      | Found a faded altar of an unknown god.
    55 | D:1      | Reached XP level 2. HP: 29/29 MP: 1/1
    58 | D:1      | Reached skill level 3 in Fighting
   277 | D:1      | Found Jalyl's Book Boutique.
   457 | D:2      | Found Huicon's Book Emporium.
   670 | D:2      | Reached XP level 3. HP: 35/37 MP: 2/2
  1156 | D:2      | Noticed Natasha
  1167 | D:2      | Reached skill level 4 in Unarmed Combat
  1170 | D:2      | Killed Natasha
  1171 | D:2      | Reached XP level 4. HP: 45/45 MP: 3/3
  1300 | D:2      | Found Huicon's Book Emporium.
  1956 | D:2      | Noticed Natasha
  1967 | D:2      | Killed Natasha
  2135 | D:2      | Noticed Natasha
  2139 | D:2      | Killed Natasha
  2140 | D:2      | Reached skill level 5 in Unarmed Combat
  2446 | D:2      | Found Huicon's Book Emporium.
  2910 | D:3      | Reached XP level 5. HP: 40/53 MP: 4/4
  3260 | D:3      | Found a shadowy altar of Dithmenos.
  3453 | D:4      | Noticed Duvessa
  3453 | D:4      | Noticed Dowan
  3526 | D:4      | Noticed an ogre
  3533 | D:4      | Killed an ogre
  3534 | D:4      | Reached skill level 6 in Unarmed Combat
  3534 | D:4      | Reached XP level 6. HP: 61/61 MP: 5/5
  3549 | D:4      | Noticed Sigmund
  3629 | D:4      | Killed Sigmund
  3630 | D:4      | Reached skill level 7 in Unarmed Combat
  3707 | D:4      | Killed Duvessa
  3708 | D:4      | Reached XP level 7. HP: 30/67 MP: 6/6
  3717 | D:4      | Killed Dowan
  3718 | D:4      | Reached skill level 8 in Unarmed Combat
  3721 | D:4      | Noticed Blork the orc
  3728 | D:4      | HP: 1/67 [Blork the orc/+0 long sword (11)]
  3731 | D:4      | Killed Blork the orc
  3734 | D:4      | Found a shimmering altar of Xom.
  3843 | D:4      | Reached skill level 9 in Unarmed Combat
  3845 | D:4      | HP: 4/67 [orc/+2 trident of venom (7)]
  3846 | D:4      | Slain by an orc

Vanquished Creatures
  Sigmund (D:4)
  Duvessa (D:4)
  An ogre (D:4)
  Blork the orc (D:4)
  Dowan (D:4)
  3 crimson imps (D:4)
  A hound (D:4)
  Natasha (thrice) (D:2)
  An orc wizard (D:4)
  An adder (D:4)
  4 gnolls (D:3)
  3 dart slugs
  5 orcs
  2 bats
  3 endoplasms
  5 giant cockroaches
  6 hobgoblins
  11 jackals
  5 kobolds
  3 quokkas
  10 ball pythons
  4 frilled lizards
  8 goblins
  4 rats
87 creatures vanquished.

Vanquished Creatures (others)
  2 fungi (D:4)
  A withered plant (D:2)
3 creatures vanquished.

Grand Total: 90 creatures vanquished
